 Dungeon Crawl Stone Soup version 0.31-a0-940-gdaa99269f9 (console) character file.

Game seed: 2293566590152544624

2 petzl the Sneak (level 1, -1/18 HPs)
             Began as a Formicid Delver on Oct 20, 2023.
             Slain by a kobold
             ... wielding a +0 whip
              (3 damage)
             ... on level 9 of the Dungeon.
             The game lasted 00:01:24 (117 turns).

petzl the Sneak (Formicid Delver)                    Turns: 117, Time: 00:01:25

Health: -1/18      AC:  4    Str: 16    XL:     1   Next: 44%
Magic:  1/2        EV: 12    Int:  9    God:
Gold:   6          SH:  0    Dex: 15    Spells: 1/1 levels left

rFire   . . .        a - +0 mace
rCold   + . .        (no shield)
rNeg    . . .        g - +1 leather armour {rC+}
rPois   .            (helmet unavailable)
rElec   .            (no cloak)
rCorr   .            (no gloves)
SInv    +            (no boots)
Will    .....        (no amulet)
Stlth   +++          (no ring)
HPRegen 0.23/turn    (no ring)
MPRegen 0.08/turn

%: no passive effects
@: no status effects
A: permanent stasis, dig shafts and tunnels, antennae 3, four strong arms
a: Dig, Shaft Self


You were on level 9 of the Dungeon.
You visited 1 branch of the dungeon, and saw 5 of its levels.

You collected 6 gold pieces.

Inventory:

Hand Weapons
 a - a +0 mace (weapon)
Armour
 b - a +0 leather armour
 g - a +1 leather armour of cold resistance (worn)
Wands
 f - a wand of digging (3)
Scrolls
 c - a scroll of fog
 d - a scroll of revelation


   Skills:
 - Level 3.2 Fighting
 - Level 2.0 Maces & Flails
 - Level 1.7 Dodging
 - Level 6.0 Stealth
 + Level 0.8 Spellcasting


You had one spell level left.
You didn't know any spells.
Your spell library was empty.

Dungeon Overview and Level Annotations

Branches:
Dungeon (10/15)
 Temple: D:4-7         Lair: D:8-11         Orc: D:9-12

Altars:


Innate Abilities, Weirdness & Mutations

You cannot be hasted, slowed, berserked, paralysed or teleported.
You can dig through walls and to a lower floor.
You have a pair of large antennae on your head. (SInv)
Your four strong arms can wield two-handed weapons with a shield.


Message History

There is an open door here.
You now have 6 gold pieces.
There is a stone staircase leading down here.
You climb downwards.
Found a scroll labelled HOSUOX MIUXAYMIVU.
There is a stone staircase leading up here.
The kobold shouts! x3; The kobold brigand shouts!
The kobold shouts!
The kobold completely misses you. The kobold hits you with a +0 club.
You climb upwards.
There is a stone staircase leading down here.
You hit the kobold.
The kobold is severely wounded.
The kobold hits you with a +0 whip. The kobold hits you with a +0 club.
You hit the kobold.
You kill the kobold!
The kobold barely misses you.
You closely miss the kobold. The kobold hits you with a +0 whip.
You closely miss the kobold. The kobold hits you but does no damage.
The kobold hits you with a +0 whip.
You closely miss the kobold. The kobold closely misses you.
You hit the kobold but do no damage. The kobold misses you.
You closely miss the kobold. The kobold closely misses you.
The kobold hits you with a +0 whip.
* * * LOW HITPOINT WARNING * * *
Okay, then.
Press: ? - help, v - describe, . - travel, g - get item
Items here: a +0 club; a kobold corpse.
The floor.
Unknown command.
Unknown command.
Unknown command.
You closely miss the kobold. The kobold hits you with a +0 whip.
* * * LOW HITPOINT WARNING * * *
You closely miss the kobold. The kobold hits you but does no damage.
You miss the kobold. You punch the kobold, but do no damage.
The kobold hits you with a +0 whip.
* * * LOW HITPOINT WARNING * * *
The kobold hits you with a +0 whip.
You die...

###########
#.........#
#.........#
+.........#
#.........#
#.......K.#
#........@#
#.......).#
#.........#
#.........#
####'######
#.....#
#####+# {


You could see a kobold.

Vanquished Creatures
  An orc (D:6)
  A kobold (D:9)
2 creatures vanquished.

Notes
Turn   | Place    | Note
-------+----------+-------------------------------------------
     0 | D:5      | petzl the Formicid Delver began the quest for the Orb.
     0 | D:5      | Reached XP level 1. HP: 18/18 MP: 1/1
    25 | D:7      | Noticed a bullfrog
    35 | D:6      | You fall into a shaft and drop 3 floors!
   104 | D:10     | Entered Level 10 of the Dungeon
   104 | D:10     | Noticed a kobold brigand
   117 | D:9      | Slain by a kobold

Illustrated notes

Levels and vault maps discovered:
D:5:      layout_gridville, mainiacjoe_overflow_catwalk_spiral,
          minmay_quadrilaterals, uniq_grinder
D:6:      layout_cave_pods, uniq_crazy_yiuf_cottage, uniq_eustachio,
          uniq_blork_the_orc
D:7:      layout_basic, lightli_temple_of_fire, nicolae_tso_besieged_by_evil,
          minmay_temple_entry_arrows, enter_bailey_6
D:9:      layout_roguey, kennysheep_little_box, hellmonk_lair_entry_icy
D:10:     layout_stronghold, mainiacjoe_overflow_tiny_flanked, uniq_snorg

Action                     || total
---------------------------++-------
  Melee: Mace              ||    17
         Punch             ||     1
Ability: Shaft Self        ||     1
    Use: Scroll            ||     1
 Armour: Leather armour    ||    19
  Dodge: Dodged            ||    13

Table legend: (Time is in decaauts)
 A = Elapsed time spent in this place.
 B = Non-inter-level travel time spent in this place.
 C = Inter-level travel time spent in this place.
 D = Time resting spent in this place.
 E = Time spent auto-exploring this place.
 F = Levels seen in this place.
 G = Mean time per level.
                   A        B        C        D        E       F      G
               +--------+--------+--------+--------+--------+-----+--------+
         Total |    121 |    121 |      0 |     54 |      0 |   5 |   24.2 |
       Dungeon |    121 |    121 |      0 |     54 |      0 |   5 |   24.2 |
               +--------+--------+--------+--------+--------+-----+--------+

Top non-repeatable levels by time:
     D:9: 81 daAuts
     D:6: 32 daAuts
     D:5: 3 daAuts
    D:10: 2 daAuts
     D:7: 1 daAuts
